 Dungeon Crawl Stone Soup version 0.27.1-37-g7b29ead8ac (console) character file.

Game seed: 10967954767394106863

23 grimtooth the Magician (level 2, -2/15 HPs)
             Began as a Deep Elf Hedge Wizard on Dec 16, 2023.
             Slain by a shadow imp (3 damage)
             ... summoned by Natasha
             ... on level 2 of the Dungeon.
             The game lasted 00:03:01 (1278 turns).

grimtooth the Magician (Deep Elf Hedge Wizard)      Turns: 1278, Time: 00:03:03

Health: -2/15      AC:  3    Str:  7    XL:     2   Next: 75%
Magic:  0/9        EV: 12    Int: 18    God:
Gold:   60         SH:  0    Dex: 14    Spells: 9/10 levels left

rFire    + + .     SeeInvis .   a - +0 dagger
rCold    + + .     Faith    .   (no shield)
rNeg     . . .     Spirit   .   b - +0 robe
rPois    +         Reflect  .   c - +0 hat
rElec    +         Harm     .   j - scarf {rC+ rF+}
rCorr    +         Rampage  .   (no gloves)
Will     .....                  i - +0 pair of boots
Stlth    ++........             (no amulet)
HPRegen  0.05/turn              (no ring)
MPRegen  0.11/turn              (no ring)

@: resistant, slowed, very slow
A: no striking features
a: no special abilities


You were on level 2 of the Dungeon.
You visited 1 branch of the dungeon, and saw 2 of its levels.

You collected 60 gold pieces.

Inventory:

Hand Weapons
 a - a +0 dagger (weapon)
Missiles
 d - 32 stones
Armour
 b - a +0 robe (worn)
 c - a +0 hat (worn)
 i - a +0 pair of boots (worn)
 j - a scarf of resistance (worn)
Scrolls
 e - a scroll of enchant armour
 h - a scroll of identify {@r4}


   Skills:
 - Level 2.4 Dodging
 - Level 2.4 Stealth
 + Level 4.9 Spellcasting
 * Level 2.6 Conjurations
 - Level 1.1 Summonings
 - Level 1.1 Translocations


You had 9 spell levels left.
You knew the following spells:

 Your Spells              Type           Power      Damage    Failure   Level
a - Magic Dart            Conj           52%        1d5       4%          1

Your spell library contained the following spells:

 Spells                   Type           Power      Damage    Failure   Level
 Blink                    Tloc           N/A        N/A       13%         2
 Call Imp                 Summ           8%         N/A       13%         2
 Slow                     Hex            4%         N/A       21%         2
 Conjure Flame            Conj/Fire      9%         6-21      24%         3
 Mephitic Cloud           Conj/Pois/Air  7%         N/A       28%         3


Dungeon Overview and Level Annotations

Branches:
Dungeon (2/15)

Altars:

Annotations:
D:2 Natasha


Message History

Natasha is severely wounded.
Natasha claws you.
* * * LOW HITPOINT WARNING * * *
Enter note: - well this sucks
Casting: Magic Dart (safe; 4% risk of failure)
Confirm with . or Enter, or press ? or * to list all spells.
You don't have enough magic to cast this spell.
Press: ? - help, v - describe, . - travel
Here: Natasha (severely wounded)
The floor.
As you read the scroll labelled PAOMMU BYWYREO, it crumbles to dust.
It is a scroll of identify.
e - a scroll of enchant armour Natasha claws you but does no damage.
As you read the scroll labelled SIZUIREGGA, it crumbles to dust.
You hear a loud clanging noise!
It was a scroll of noise.
You hear an angry hiss.
You hear a shout!
Natasha mumbles some strange words.
Natasha stares at you and mumbles some strange words.
You feel yourself slow down.
The crimson imp blinks!
You barely miss Natasha.
Natasha is severely wounded.
Natasha closely misses you.
You aren't carrying any potions.
Unknown command.
You closely miss Natasha.
Natasha is severely wounded.
Natasha claws you.
* * * LOW HITPOINT WARNING * * *
Natasha casts a spell.
Casting: Magic Dart (safe; 4% risk of failure)
Confirm with . or Enter, or press ? or * to list all spells.
Aiming: Magic Dart (safe; 4% risk of failure)
Press: ? - help, Shift-Dir - straight line, f/p - Natasha
Aim: Natasha (severely wounded, 100% to hit)
The magic dart hits Natasha.
Natasha is almost dead.
Natasha claws you but does no damage. The shadow imp hits you.
You die...

#...# #.##.##.#
##.## #....##.#
#.# #.#####.#
#.### #.#####.#
#...# #.......#
###.# #.#######
#.# #.# #.# #.#
#.# #.# #.#
######.# ##.##
#5@....#
###...######
#h######
............h...#
##....######5####
...#### #. ##.##
# #...# ....#
#...# #...#
..#.#####


You could see Natasha, a crimson imp (summoned) and a shadow imp (summoned).

Vanquished Creatures
  An adder (D:2)
  A dart slug (D:1)
  2 bats (D:1)
  2 giant cockroaches (D:1)
  A hobgoblin (D:1)
  2 kobolds (D:1)
  4 rats
13 creatures vanquished.

Notes
Turn   | Place    | Note
-------+----------+-------------------------------------------
     0 | D:1      | grimtooth the Deep Elf Hedge Wizard began the quest for the
                  | Orb.
     0 | D:1      | Reached XP level 1. HP: 10/10 MP: 7/7
   435 | D:1      | Found a faded altar of an unknown god.
   456 | D:1      | Reached XP level 2. HP: 15/15 MP: 4/9
  1260 | D:2      | Noticed Natasha
  1273 | D:2      | - well this sucks
  1275 | D:2      | Noticed a crimson imp
  1278 | D:2      | Slain by a shadow imp

Illustrated notes

#...# #.##.##.#
##.## #....##.#
#.# #.#####.#
#.### #.#####.#
#...# #.......#
###.# #.#######
#.# #.# #.# #.#
#.# #.# #.#
######.# ##.##
#@.....#
####...######
#h######
.............h...#
###....######.####
....#### #. ###.##
# ##...# .....#
.#...# .#...#
...#.#####


Turn 1273 on D:2: - well this sucks

Levels and vault maps discovered:
D:1:      minmay_arrival_plants_in_alcoves, layout_basic,
          hellmonk_ecumenical_altar_pennies_from_heaven, hangedman_decor_push,
          minmay_parallelograms, nrook_loot_triangle
D:2:      layout_loops_cross, uniq_sigmund, uniq_natasha

Skill      XL: |  1 |
---------------+----+-----
Conjurations   | 2 |  2.6
Dodging        | |  2.4
Stealth        | |  2.4
Spellcasting   | |  4.9
Summonings     | |  1.1
Translocations | |  1.1

Action                   || total
-------------------------++-------
Melee: Dagger            ||     2
 Cast: Magic Dart        ||    43
  Use: Scroll            ||     2
       Potion            ||     1
Armor: Robe              ||     3
Dodge: Dodged            ||     6
